 Dungeon Crawl Stone Soup version 0.27.1-1-g398f81649c (webtiles) character file.

Game seed: 13453316418979405268

3481 bnorton916 the Jinx (level 9, -3/67 HPs)
             Began as a Deep Elf Conjurer on Sept 12, 2021.
             Was a Believer of Vehumet.
             Slain by an elephant (5 damage)
             ... on level 8 of the Dungeon.
             The game lasted 00:16:41 (10514 turns).

bnorton916 the Jinx (Deep Elf Conjurer)            Turns: 10514, Time: 00:16:42

Health: -3/67      AC: 24    Str:  5    XL:     9   Next: 79%
Magic:  15/19      EV:  2    Int: 26    God:    Vehumet [**....]
Gold:   261        SH:  0    Dex: 13    Spells: 4/18 levels left

rFire    . . .     SeeInvis .   j - staff of poison
rCold    . . .     Faith    .   (no shield)
rNeg     + + +     Spirit   .   (armour currently unavailable)
rPois    +         Reflect  .   (helmet currently unavailable)
rElec    .         Harm     .   (cloak currently unavailable)
rCorr    .         Rampage  .   (gloves currently unavailable)
Will     .....     NoTele   +   (boots currently unavailable)
Stlth    ++........             (no amulet)
HPRegen  0.21/turn              (no ring)
MPRegen  0.16/turn              (no ring)

@: tree-form, attractive, studying Throwing
A: stationary, stasis, torment immunity, boosted hp
a: Renounce Religion


You were on level 8 of the Dungeon.
You worshipped Vehumet.
Vehumet was pleased with you.
You were a tree.
You visited 2 branches of the dungeon, and saw 9 of its levels.
You also visited: Sewer.

You collected 310 gold pieces.
You spent 49 gold pieces at shops.

Inventory:

Hand Weapons
 k - a +0 dagger of holy wrath
Missiles
 h - 3 throwing nets
 C - 5 boomerangs
Armour
 a - a +0 cloak (melded)
 c - a +0 pair of gloves (melded)
 m - a +0 helmet (melded)
 y - a +0 buckler
 A - +0 steam dragon scales (melded)
Magical Staves
 j - a staff of poison (weapon)
Wands
 g - a wand of flame (15)
 D - a wand of mindburst (14)
Scrolls
 b - a scroll of blinking {unknown}
 e - a scroll of amnesia {unknown}
 i - 5 scrolls of identify {unknown}
 l - a scroll of teleportation {unknown}
 p - 2 scrolls of noise
 r - a scroll of torment {unknown}
 s - a scroll of magic mapping
 t - 2 scrolls of fog {unknown}
 u - a scroll of brand weapon {unknown}
 v - a scroll of fear {unknown}
Potions
 f - 2 potions of degeneration
 n - a potion of heal wounds {unknown}
 o - a potion of mutation {unknown}
 w - 5 potions of flight
 x - a potion of invisibility {unknown}
 z - a potion of haste {unknown}
 B - a potion of lignification


   Skills:
 + Level 6.2 Throwing
 + Level 3.5 Armour
 - Level 2.4 Dodging
 - Level 2.4 Stealth
 + Level 3.5 Shields
 - Level 5.4 Spellcasting
 - Level 5.8 Conjurations
 - Level 9.1 Hexes
 - Level 7.5 Translocations
 + Level 3.6 Ice Magic


You had 4 spell levels left.
You knew the following spells:

 Your Spells              Type           Power      Damage    Failure   Level
a - Magic Dart            Conj           100%       1d8       1%          1
b - Searing Ray           Conj           74%        3d6       1%          2
c - Fulminant Prism       Conj/Hex       22%        3d13      3%          4
d - Iskenderun's Mystic   Conj/Tloc      41%        2d9       4%          4
e - Ozocubu's Armour      Ice            25%        N/A       4%          3

Your spell library contained the following spells:

 Spells                   Type           Power      Damage    Failure   Level
 Static Discharge         Conj/Air       22%        N/A       3%          2
 Slow                     Hex            53%        N/A       1%          2
 Confusing Touch          Hex            53%        N/A       1%          3
 Dazzling Flash           Conj/Hex       90%        N/A       1%          3
 Gell's Gravitas          Tloc           23%        N/A       1%          3
 Lesser Beckoning         Tloc           23%        N/A       1%          3
 Teleport Other           Tloc           46%        N/A       1%          3
 Corpse Rot               Necr/Air       N/A        N/A       11%         2
 Poisonous Vapours        Pois/Air       20%        N/A       11%         2
 Yara's Violent Unravell  Hex/Tmut       15%        3d8       32%         5
 Freezing Cloud           Conj/Ice/Air   11%        6-21      50%         5
 Alistair's Intoxication  Tmut/Pois      6%         N/A       90%         5
 Borgnjor's Vile Clutch   Necr/Erth      3%         N/A       90%         5
 Eringya's Noxious Bog    Tmut/Pois      5%         N/A       100%        6
 Ozocubu's Refrigeration  Ice            12%        4d7       100%        7


Dungeon Overview and Level Annotations

Branches:
Dungeon (8/15)             Temple (1/1) D:5           Sewer (visited)
   Lair: D:8-11

Altars:
Ashenzari
Cheibriados
Dithmenos
Elyvilon
Fedhas
Hepliaklqana
Kikubaaqudgha
Makhleb
Nemelex Xobeh
Qazlal
Ru
Sif Muna
Trog
Vehumet
Wu Jian
Xom
Yredelemnul
Zin
The Shining One

Shops:
D:5 =*[[:   D:6 *

Annotations:
D:4 1 runed translucent door, Ekaitz's ghost, amateur DsEE


Message History

* * * LOW HITPOINT WARNING * * *
Casting: Iskenderun's Mystic Blast (dangerous; 4% risk of failure)
Confirm with . or Enter, or press ? or * to list all spells.
You erupt in a blast of force!
The mystic blast hits the elephant.
The elephant is severely wounded.
The elephant tramples you.
* * * LOW HITPOINT WARNING * * *
You stumble backwards!
Casting: Iskenderun's Mystic Blast (dangerous; 4% risk of failure)
Confirm with . or Enter, or press ? or * to list all spells.
You erupt in a blast of force!
The mystic blast hits the elephant but does no damage.
The elephant is severely wounded.
The elephant closely misses you. The elephant trunk-slaps you.
* * * LOW HITPOINT WARNING * * *
It was a potion of lignification.
You turn into a tree.
Your +0 cloak melds into your body.
Your +0 helmet melds into your body.
Your +0 pair of gloves melds into your body.
Your +0 steam dragon scales melds into your body.
Your roots penetrate the ground.
The elephant tramples you but does no damage.
The elephant trunk-slaps you.
* * * LOW HITPOINT WARNING * * *
It was a potion of attraction.
You feel attractive to monsters.
The elephant tramples you but does no damage.
The elephant trunk-slaps you.
* * * LOW HITPOINT WARNING * * *
It was a potion of magic.
Magic courses through your body.
The elephant tramples you but does no damage.
The elephant trunk-slaps you but does no damage.
Okay, then.
Unknown command.
Casting: Iskenderun's Mystic Blast (dangerous; 4% risk of failure)
Confirm with . or Enter, or press ? or * to list all spells.
You erupt in a blast of force!
The mystic blast hits the elephant but does no damage.
The elephant is severely wounded.
The elephant tramples you.
You die...

..........##.............
..........######.########
..........# #.#
..........## #†#
...........# #.#
...........# #.#
........##.# #.#
#######.##.# #Y# .#
#.##.# #♣# .# #.##.# #.#
.# #.##.# #.# .# #.##.#
#.# .# #.##.# #.#
.######.##.#####.#
.........#.......#
##################


You could see an elephant.

Vanquished Creatures
  Grinder (D:3)
  A hornet (D:7)
  A yak (D:5)
  Sigmund (D:4)
  2 wyverns
  A steam dragon (D:6)
  A water moccasin (D:3)
  3 black bears
  3 ice beasts
  A sky beast (D:6)
  2 ogres (D:5)
  A necrophage (D:5)
  A centaur (D:7)
  A phantom (D:5)
  A wyvern zombie (D:7)
  2 scorpions (D:6)
  4 killer bees (D:7)
  A howler monkey (D:4)
  2 centaur zombies
  A bullfrog skeleton (D:5)
  2 jellies
  3 orc priests
  Crazy Yiuf (D:2)
  A centaur skeleton (D:5)
  An iguana (D:7)
  Jessica (D:2)
  Natasha (thrice) (D:3)
  6 orc wizards
  A hound zombie (D:5)
  A howler monkey zombie (D:6)
  Robin (D:2)
  A river rat (D:5)
  5 adders
  An ufetubus (D:4)
  An adder skeleton (D:3)
  9 worms
  3 dart slugs
  22 orcs
  9 bats
  9 endoplasms
  11 giant cockroaches
  10 goblins
  11 hobgoblins
  4 jackals (Sewer)
  5 kobolds
  3 quokkas (Sewer)
  9 ball pythons
  4 frilled lizards
  9 rats
178 creatures vanquished.

Vanquished Creatures (others)
  6 fulminant prisms
6 creatures vanquished.

Grand Total: 184 creatures vanquished

Notes
Turn   | Place    | Note
-------+----------+-------------------------------------------
     0 | D:1      | bnorton916 the Deep Elf Conjurer began the quest for the
                  | Orb.
     0 | D:1      | Reached XP level 1. HP: 10/10 MP: 6/6
   423 | D:1      | Found a faded altar of an unknown god.
   567 | D:1      | Reached XP level 2. HP: 15/15 MP: 1/8
  1010 | D:2      | Learned a level 2 spell: Searing Ray
  1411 | D:2      | Reached skill level 5 in Conjurations
  1411 | D:2      | Reached XP level 3. HP: 19/19 MP: 5/10
  1880 | D:2      | Noticed Jessica
  1883 | D:2      | Killed Jessica
  1884 | D:2      | Reached XP level 4. HP: 24/24 MP: 7/12
  2032 | D:2      | Reached skill level 5 in Spellcasting
  2452 | D:2      | Noticed Robin
  2479 | D:2      | Killed Robin
  2623 | D:2      | Reached XP level 5. HP: 28/28 MP: 11/14
  2649 | D:2      | Learned a level 4 spell: Fulminant Prism
  2654 | D:2      | Learned a level 4 spell: Iskenderun's Mystic Blast
  2736 | D:2      | Found a runed translucent door.
  2737 | D:2      | Noticed Crazy Yiuf
  2904 | D:2      | Killed Crazy Yiuf
  2905 | D:2      | Reached skill level 1 in Hexes
  2905 | D:2      | Reached skill level 1 in Translocations
  3256 | D:3      | Noticed Natasha
  3262 | D:3      | Killed Natasha
  3317 | D:3      | Reached skill level 2 in Hexes
  3334 | D:3      | Noticed a water moccasin
  3340 | D:3      | Killed a water moccasin
  3341 | D:3      | Reached skill level 3 in Hexes
  3341 | D:3      | Reached XP level 6. HP: 32/32 MP: 9/16
  3566 | D:3      | Found a glowing silver altar of Zin.
  3570 | D:3      | Found a sacrificial altar of Ru.
  3574 | D:3      | Found a stormy altar of Qazlal.
  3649 | D:3      | Noticed Grinder
  3657 | D:3      | Killed Grinder
  3658 | D:3      | Reached skill level 4 in Hexes
  3853 | D:3      | Found a hazy altar of Hepliaklqana.
  3926 | D:3      | Noticed Natasha
  3929 | D:3      | Killed Natasha
  3930 | D:3      | Reached skill level 5 in Hexes
  3930 | D:3      | Reached XP level 7. HP: 36/36 MP: 13/17
  3953 | D:3      | Noticed Natasha
  3958 | D:3      | Killed Natasha
  4409 | D:4      | Found a bloodstained altar of Trog.
  4477 | D:4      | Noticed Sigmund
  4482 | D:4      | Killed Sigmund
  4483 | D:4      | Reached skill level 6 in Hexes
  4483 | D:4      | Reached skill level 5 in Translocations
  4551 | D:4      | You fall into a shaft and drop 1 floor!
  4551 | D:5      | Entered Level 5 of the Dungeon
  4713 | D:5      | Reached skill level 7 in Hexes
  4722 | D:5      | Found Emutz's Antique Armour Shop.
  4752 | D:5      | Found Acligeaz's General Store.
  4757 | D:5      | Bought a scroll of magic mapping for 49 gold pieces
  4778 | D:5      | Reached XP level 8. HP: 41/41 MP: 13/18
  4818 | D:5      | Found a staircase to the Ecumenical Temple.
  4825 | Temple   | Entered the Ecumenical Temple
  4844 | Temple   | Became a worshipper of Vehumet
  4867 | D:5      | Found Oshatt's Book Emporium.
  4925 | D:5      | Found a glowing drain.
  4946 | Sewer    | Entered a sewer
  5206 | Sewer    | Reached skill level 8 in Hexes
  5464 | Sewer    | Reached * piety under Vehumet
  5464 | Sewer    | Offered knowledge of Foxfire by Vehumet.
  5880 | D:5      | HP: 2/41 [yak (13)]
  6546 | D:5      | Found Utotooza's Jewellery Emporium.
  6657 | D:5      | Found a sparkling altar of Nemelex Xobeh.
  6698 | D:5      | Found Geidagh's Armour Shoppe.
  6759 | D:5      | Found a shimmering blue altar of Sif Muna.
  6768 | D:5      | Found an ancient bone altar of Kikubaaqudgha.
  6973 | D:4      | Reached skill level 9 in Hexes
  7284 | D:4      | Found a runed translucent door.
  7285 | D:4      | Noticed Ekaitz's ghost (amateur DsEE)
  7727 | D:6      | Reached skill level 1 in Throwing
  7840 | D:6      | Reached skill level 1 in Armour
  7840 | D:6      | Reached skill level 1 in Shields
  8099 | D:6      | Reached XP level 9. HP: 45/45 MP: 15/19
  8268 | D:6      | Found Ziehuan's Gadget Gallery.
  8316 | D:6      | Reached ** piety under Vehumet
  8323 | D:6      | Offered knowledge of Static Discharge by Vehumet.
  9030 | D:6      | Learned a level 3 spell: Ozocubu's Armour
  9325 | D:7      | Reached skill level 1 in Ice Magic
  9910 | D:7      | Reached skill level 5 in Throwing
 10479 | D:8      | Noticed an elephant
 10511 | D:8      | HP: 3/67 [elephant (1)]
 10514 | D:8      | Slain by an elephant

Illustrated notes

Levels and vault maps discovered:
D:1:      dpeg_arrival_stonehenge_12_columns, layout_loops_ring,
          basic_ecumenical_altar
D:2:      layout_basic, kennysheep_generic_room_13, uniq_jessica, uniq_robin,
          uniq_crazy_yiuf_cottage
D:3:      layout_basic, grunt_temple_overflow_diamond, old_standard_altar,
          uniq_natasha, uniq_grinder
D:4:      layout_loops_cross, mainiacjoe_overflow_paths,
          hellmonk_ghost_happy_afterlife, kennysheep_boxes, uniq_sigmund
D:5:      layout_loops_cross, kennysheep_mini, mainiacjoe_overflow_swirl,
          minmay_temple_entry_butterflies, portal_sewer_entry_b, serial_shops,
          nicolae_shop_stone, nicolae_lakefront_shop, nicolae_shop_behind_doors,
          shop, nicolae_shop_behind_doors, st_stairs_13,
          minmay_manual_mandibuliform
D:6:      layout_basic, nicolae_shop_gadgets
D:7:      layout_loops_ring, hangedman_decor_slide_cut,
          small_statue_intersection, minmay_misc_feat_iff
D:8:      layout_basic, david_lair_generic, serial_glass, glass_columns_a,
          glass_columns_c, uniq_joseph, uniq_harold
Temple:   eino_temple_lava

Skill      XL: |  1  2  3  4  5  6  7  8  9 |
---------------+----------------------------+-----
Spellcasting   | 4 5 |  5.4
Conjurations   | 5 |  5.8
Hexes          | 3 5 7 9 |  9.1
Translocations | 2 4 6 7 |  7.5
Throwing       | 2 6 |  6.2
Armour         | 1 3 |  3.5
Shields        | 1 3 |  3.5
Ice Magic      | 3 |  3.6
Dodging        | |  2.4
Stealth        | |  2.4

Action                   |  1- 3 |  4- 6 |  7- 9 || total
-------------------------+-------+-------+-------++-------
Melee: Staff             |       |       |     8 ||     8
 Cast: Magic Dart        |    70 |    52 |   135 ||   257
       Searing Ray       |       |    12 |    37 ||    49
       Fulminant Prism   |       |     1 |     5 ||     6
       Iskenderun's Myst |       |       |    12 ||    12
Evoke: Wand              |       |       |     2 ||     2
  Use: Potion            |       |     1 |     4 ||     5
       Scroll            |       |       |     1 ||     1
Armor: Robe              |     4 |     3 |       ||     7
       Animal skin       |       |     1 |    19 ||    20
       Steam dragon scal |       |       |    17 ||    17
       Skin              |       |       |     4 ||     4
Dodge: Dodged            |     3 |     7 |    45 ||    55
